 Seeded DCSS version 0.30-a0-800-g7c544603b3 (webtiles) character file.

Game seed: 11890245493536857823 (custom seed)

81 Misst the Trooper (level 4, 0/35 HPs)
             Began as a Human Berserker on Feb 22, 2023.
             Was a Believer of Trog.
             Slain by an ogre
             ... wielding a +0 giant club
              (10 damage)
             ... on level 4 of the Dungeon.
             The game lasted 00:24:53 (1563 turns).

Misst the Trooper (Human Berserker)                 Turns: 1563, Time: 00:24:54

Health: 0/35       AC:  6    Str: 19    XL:     4   Next: 67%
Magic:  4/4        EV: 11    Int:  8    God:    Trog [**....]
Gold:   134        SH:  0    Dex: 12    Spells: 3/3 levels left

rFire   . . .      SeeInvis .    b - +0 short sword
rCold   . . .      Faith    .    (no shield)
rNeg    . . .      Spirit   .    f - +0 ring mail
rPois   .          Reflect  .    h - +0 helmet
rElec   .          Harm     .    (no cloak)
rCorr   .          Rampage  .    (no gloves)
Will    .....                    (no boots)
Stlth   +                        (no amulet)
HPRegen 0.25/turn                (no ring)
MPRegen 0.09/turn                (no ring)

@: no status effects
A: no striking features
a: Renounce Religion, Berserk, Trog's Hand


You were on level 4 of the Dungeon.
You worshipped Trog.
Trog was pleased with you.
You visited 1 branch of the dungeon, and saw 4 of its levels.

You collected 134 gold pieces.

Inventory:

Hand Weapons
 b - a +0 short sword (weapon)
 l - a +0 sling
 w - a +0 mace
Missiles
 m - 7 stones (quivered)
Armour
 a - a +0 animal skin
 f - a +0 ring mail (worn)
 h - a +0 helmet (worn)
 n - a +0 robe
 o - a +0 robe
 u - a +0 ring mail
Scrolls
 c - 2 scrolls of identify {unknown}
 d - a scroll of magic mapping {unknown}
 e - 2 scrolls of poison {unknown}
 q - a scroll of teleportation {unknown}
 s - a scroll of fear {unknown}
 t - a scroll of noise {unknown}
Potions
 g - a potion of haste {unknown}
 i - a potion of flight {unknown}
 j - a potion of invisibility {unknown}
 k - a potion of ambrosia {unknown}
 p - a potion of heal wounds {unknown}
 r - a potion of cancellation {unknown}
 v - a potion of resistance {unknown}


   Skills:
 * Level 3.5 Fighting
 + Level 1.6 Short Blades
 + Level 2.8 Armour
 + Level 2.5 Dodging
 + Level 3.2 Unarmed Combat


You had 3 spell levels left.
You didn't know any spells.
Your spell library contained the following spells:

 Spells                   Type           Power      Damage    Failure   Level
 Hailstorm                Conj/Ice       0%         3d3       91%         3
 Ice Form                 Ice/Tmut       0%         N/A       100%        4
 Simulacrum               Ice/Necr       0%         N/A       100%        6


Dungeon Overview and Level Annotations

Branches:
Dungeon (4/15)
 Temple: D:4-7

Altars:


Message History

The orc shouts!
You hear a shout!
Found 5 curare-tipped darts.
An ogre comes into view. It is wielding a +0 giant club.
The ogre shouts!
The orc misses you.
An orc wizard comes into view. It is wielding a +0 dagger.
There is an open door here.
The orc wizard shouts!
An orc comes into view. It is wielding a +0 club.
The orc barely misses you.
You hit the orc but do no damage. You hit the orc but do no damage.
The ogre hits you with a +0 giant club!
You hit the orc.
The orc is lightly wounded.
The orc hits you from afar with a +0 trident.
The ogre closely misses you.
You barely miss the orc.
The orc is lightly wounded.
The orc hits you from afar with a +0 trident.
You barely miss the ogre.
The orc wizard hits you but does no damage.
The orc hits you with a +0 club. The ogre barely misses you.
The orc misses you.
You hit the ogre.
The ogre is lightly wounded.
The orc wizard points at you and mumbles some strange words.
The puff of flame misses you. The orc misses you.
The orc hits you with a +0 club.
You hit the ogre.
The ogre is moderately wounded.
The ogre hits you with a +0 giant club. The orc wizard casts a spell at you.
The magic dart hits you. The orc closely misses you. x2
You hit the ogre but do no damage.
The ogre is moderately wounded.
The orc wizard hits you with a +0 dagger.
The orc hits you from afar with a +0 trident.
* * * LOW HITPOINT WARNING * * *
The ogre hits you with a +0 giant club!
You die...

#.. #(.
#..o###
#...#.# #
#.....# ### .#
###'#+###
..#..#
#..o#...#
..#..#
#.o.O...#
.....
###@o.####...
#.......#..#
#.......#..#
#...#.#..#..##
###.#.##<...#
#.#.##.##<# #
.....##..#
#....###.#
####.# .#


You could see an ogre, an orc wizard and 2 orcs.

Vanquished Creatures
  An iguana (D:3)
  2 adders (D:2)
  A dart slug (D:1)
  4 ball pythons
  A bat (D:3)
  6 endoplasms
  A giant cockroach (D:1)
  3 goblins
  2 hobgoblins
  5 kobolds
  A frilled lizard (D:1)
  5 rats
32 creatures vanquished.

Vanquished Creatures (others)
  3 plants (D:2)
3 creatures vanquished.

Grand Total: 35 creatures vanquished

Notes
Turn   | Place    | Note
-------+----------+-------------------------------------------
     0 | D:1      | Misst the Human Berserker began the quest for the Orb.
     0 | D:1      | Reached XP level 1. HP: 18/18 MP: 1/1
   271 | D:1      | Reached XP level 2. HP: 24/24 MP: 2/2
   881 | D:1      | Reached XP level 3. HP: 21/29 MP: 3/3
  1057 | D:2      | Reached ** piety under Trog
  1113 | D:2      | Reached skill level 1 in Short Blades
  1129 | D:2      | Reached XP level 4. HP: 34/35 MP: 4/4
  1550 | D:4      | Noticed an ogre
  1563 | D:4      | Slain by an ogre

Illustrated notes

Levels and vault maps discovered:
D:1:      evilmike_arrival_plus, layout_basic, st_stairs_7, minivault_25
D:2:      layout_basic, shapermc_ecumenical_altar_acropolis, serial_shops, shop,
          nicolae_shop_bloodbath_and_beyond, shop, nicolae_shop_statue_plus,
          shop, serial_bayou, serial_bayou_pond_d, serial_bayou_pond_a,
          serial_bayou_lagoon_a, serial_bayou_pond_c
D:3:      layout_basic
D:4:      layout_rooms, hangedman_ru_absence, minmay_temple_entry_overgrown

Skill      XL: |  1  2  3 |
---------------+----------+-----
Short Blades   | 1 |  1.6
Fighting       | |  3.5
Armour         | |  2.8
Dodging        | |  2.5
Unarmed Combat | |  3.2

Action                     |  1- 3 |  4- 6 || total
---------------------------+-------+-------++-------
  Melee: Short sword       |   139 |    56 ||   195
         Unarmed           |     3 |       ||     3
         Punch             |     3 |       ||     3
  Throw: Stone             |       |     1 ||     1
 Armour: Animal skin       |     3 |       ||     3
         Ring mail         |    50 |    19 ||    69
  Dodge: Dodged            |    74 |    54 ||   128

Table legend: (Time is in decaauts)
 A = Elapsed time spent in this place.
 B = Non-inter-level travel time spent in this place.
 C = Inter-level travel time spent in this place.
 D = Time resting spent in this place.
 E = Time spent auto-exploring this place.
 F = Levels seen in this place.
 G = Mean time per level.
                   A        B        C        D        E       F      G
               +--------+--------+--------+--------+--------+-----+--------+
         Total |   1556 |    734 |    822 |    263 |      5 |   4 |  389.0 |
       Dungeon |   1556 |    734 |    822 |    263 |      5 |   4 |  389.0 |
               +--------+--------+--------+--------+--------+-----+--------+

Top non-repeatable levels by time:
     D:1: 990 daAuts
     D:3: 331 daAuts
     D:2: 207 daAuts
     D:4: 28 daAuts
